 Dungeon Sprint DCSS version 0.19-a0-872-g3103843 (console) character file.

511 Doll the Fencer (level 6, -8/56 HPs)
             Began as a Minotaur Gladiator on July 3, 2016.
             Was a Priest of Cheibriados.
             Mangled by a catoblepas (10 damage)
             ... in the Dungeon (Sprint IX: "|||||||||||||||||||||||||||||").
             The game lasted 00:02:02 (355 turns).

Doll the Fencer (Minotaur Gladiator)                 Turns: 355, Time: 00:02:03

Health: -8/56      AC:  8    Str: 27    XL:     6   Next: 99%
Magic:  5/5        EV:  2    Int: 16    God:    Cheibriados [***...]
Gold:   0          SH:  0    Dex: 21    Spells: 0 memorised, 5 levels left

rFire  . . .     SeeInvis .     q - +2 scimitar (flame)
rCold  . . .     Gourm    .     r - +2 ring mail
rNeg   + + +     Faith    .     (no shield)
rPois  ∞         Spirit   .     c - +0 hat
rElec  .         Dismiss  .     (no cloak)
rCorr  .         Reflect  .     (no gloves)
SustAt .         Harm     .     a - +0 pair of boots
MR     .....     NoTele   +     (no amulet)
Stlth  +.........               s - +2 ring of evasion
                                b - +3 ring of intelligence

@: petrified, very slow, not resistant to hostile enchantments, very unstealthy
A: retaliatory headbutt, horns 2
a: Bend Time, Temporal Distortion, Renounce Religion


You were in the Dungeon.
You worshipped Cheibriados.
Cheibriados was most pleased with you.
You were not hungry.

You visited 1 branch

Inventory:

Hand Weapons
 q - a +2 scimitar of flaming (weapon)
Missiles
 d - 3 throwing nets (quivered)
Armour
 a - a +0 pair of boots (worn)
 c - a +0 hat (worn)
 r - a +2 ring mail (worn)
Jewellery
 b - a +3 ring of intelligence (left hand)
 s - a +2 ring of evasion (right hand)
Wands
 p - a wand of iceblast (7/15)
Scrolls
 k - 2 scrolls of blinking
 n - 3 scrolls of remove curse
 o - 2 scrolls of amnesia
Potions
 e - 5 potions of curing
 g - a potion of invisibility
 h - a potion of haste
 i - 4 potions of magic
 j - a potion of berserk rage
Comestibles
 f - a bread ration
 l - 2 chunks of flesh


   Skills:
 + Level 5.1 Fighting
 - Level 16.3 Long Blades
 - Level 2.0 Throwing
 - Level 3.2 Dodging


You had 5 spell levels left.
You didn't know any spells.

Dungeon Overview and Level Annotations

Branches:
Dungeon (1/1)

Altars:
Cheibriados
Dithmenos
Elyvilon
Fedhas
Gozag
Hepliaklqana
Kikubaaqudgha
Makhleb
Nemelex Xobeh
Okawaru
Pakellas
Qazlal
Ru
Sif Muna
Trog
Uskayaw
Vehumet
Xom
Yredelemnul
Zin
The Shining One
Beogh
Jiyva
Lugonu


Innate Abilities, Weirdness & Mutations

You reflexively headbutt those who attack you in melee.
You have a pair of horns on your head.


Message History

You headbutt the catoblepas, but do no damage.
The catoblepas is heavily wounded.
You are engulfed in calcifying dust.
You are slowing down.
The catoblepas breathes a plume of calcifying dust at you.
The blast of calcifying dust hits you!
You hit the catoblepas. You burn the catoblepas.
The catoblepas is heavily wounded.
You are engulfed in calcifying dust.
Your limbs have turned to stone.
The catoblepas gores you!
You have turned to stone.
You are engulfed in calcifying dust.
The catoblepas gores you!
You are engulfed in calcifying dust.
The catoblepas breathes a plume of calcifying dust at you.
The blast of calcifying dust hits you!
* * * LOW HITPOINT WARNING * * *
You are engulfed in calcifying dust.
The catoblepas barely misses you. The catoblepas gores you!!
* * * LOW HITPOINT WARNING * * *
The catoblepas gores you!!
You die...

▓+▓
▓.▓
▓C▓
▓{▓
▓o▓
▓H▓
▓Y▓
▓@▓
▓.▓
▓.▓
▓.▓
▓)▓
▓)▓
▓.▓
▓)▓
▓.▓
▓.▓
▓[▓


You could see a catoblepas, a griffon, a hill giant and an orc warrior
(petrified).

Vanquished Creatures
  An orc warrior (D)
  2 ice beasts (D)
  A centaur (D)
  A scorpion (D)
  A howler monkey (D)
  A hound (D)
  An iguana (D)
  A worker ant (D)
  A worm (D)
  An orc (D)
  A bat zombie (D)
  A goblin (D)
  A giant newt (D)
  2 kobolds (D)
  A rat (D)
17 creatures vanquished.

Notes
Turn   | Place    | Note
-------+----------+-------------------------------------------
     0 | D        | Doll the Minotaur Gladiator began the quest for the Orb.
     0 | D        | Reached XP level 1. HP: 18/18 MP: 0/0
     4 | D        | Reached skill level 4 in Long Blades
     7 | D        | Reached skill level 5 in Long Blades
    20 | D        | Noticed a hound
    20 | D        | Noticed a scorpion
    20 | D        | Noticed a howler monkey
    20 | D        | Noticed an iguana
    25 | D        | Killed an iguana
    25 | D        | Reached skill level 8 in Long Blades
    25 | D        | Reached XP level 2. HP: 9/25 MP: 1/1
    25 | D        | Reached XP level 3. HP: 11/30 MP: 2/2
    34 | D        | Reached skill level 10 in Long Blades
    34 | D        | Reached XP level 4. HP: 37/37 MP: 3/3
    42 | D        | Reached skill level 11 in Long Blades
    49 | D        | Reached skill level 12 in Long Blades
    49 | D        | Reached XP level 5. HP: 34/42 MP: 4/4
    59 | D        | Found a glowing silver altar of Zin.
    59 | D        | Found a glowing golden altar of the Shining One.
    59 | D        | Found an ancient bone altar of Kikubaaqudgha.
    59 | D        | Found a basalt altar of Yredelemnul.
    59 | D        | Found a shimmering altar of Xom.
    59 | D        | Found a radiant altar of Vehumet.
    60 | D        | Found an iron altar of Okawaru.
    61 | D        | Found a burning altar of Makhleb.
    62 | D        | Found a deep blue altar of Sif Muna.
    63 | D        | Found a bloodstained altar of Trog.
    64 | D        | Found a sparkling altar of Nemelex Xobeh.
    65 | D        | Found a white marble altar of Elyvilon.
    66 | D        | Found a roughly hewn altar of Beogh.
    67 | D        | Found a viscous altar of Jiyva.
    68 | D        | Found a corrupted altar of Lugonu.
    69 | D        | Found a blossoming altar of Fedhas.
    70 | D        | Found a snail-covered altar of Cheibriados.
    71 | D        | Found a shadowy altar of Dithmenos.
    72 | D        | Found a stormy altar of Qazlal.
    73 | D        | Found an opulent altar of Gozag.
    74 | D        | Found a sacrificial altar of Ru.
    75 | D        | Found an oddly glowing altar of Pakellas.
    76 | D        | Found a hide-covered altar of Uskayaw.
    77 | D        | Found a hazy altar of Hepliaklqana.
    78 | D        | Became a worshipper of Cheibriados the Contemplative
   127 | D        | Noticed an orc warrior
   127 | D        | Noticed an ice beast
   127 | D        | Noticed a centaur
   132 | D        | Killed a centaur
   132 | D        | Reached * piety under Cheibriados
   132 | D        | Reached skill level 13 in Long Blades
   133 | D        | Reached skill level 14 in Long Blades
   136 | D        | Killed an ice beast
   136 | D        | Reached ** piety under Cheibriados
   136 | D        | Reached skill level 15 in Long Blades
   136 | D        | Reached XP level 6. HP: 42/50 MP: 5/5
   139 | D        | Killed an orc warrior
   139 | D        | Reached skill level 16 in Long Blades
   141 | D        | Reached *** piety under Cheibriados
   335 | D        | Noticed a hill giant
   335 | D        | Noticed a vampire
   335 | D        | Noticed a griffon
   335 | D        | Noticed a catoblepas
   335 | D        | Noticed an orc warrior
   335 | D        | Noticed an ice beast
   338 | D        | Killed an ice beast
   338 | D        | Reached skill level 5 in Fighting
   354 | D        | HP: 2/56 [catoblepas (13)]
   355 | D        | Mangled by a catoblepas

Vault maps used:
D:        linesprint

Skill      XL: |  1  2  3  4  5  6 |
---------------+-------------------+-----
Long Blades    | 8 10 12 15 16 | 16.3
Fighting       | 5 |  5.1
Throwing       | |  2.0
Dodging        | |  3.2

Action                   |  1- 3 |  4- 6 || total
-------------------------+-------+-------++-------
Melee: Long sword        |    27 |    17 ||    44
       Headbutt          |     3 |     5 ||     8
       Scimitar          |       |    22 ||    22
  Use: Potion            |     1 |     2 ||     3
 Stab: Petrifying        |       |     1 ||     1
Armor: Leather armour    |     2 |     1 ||     3
       Ring mail         |       |     6 ||     6
Dodge: Dodged            |    10 |    21 ||    31
